[Event "Team 45 45 League T24"]
[Site "Free Internet Chess Server"]
[Date "2004.09.16"]
[Round "2"]
[White "zcomcon"]
[Black "threeNT"]
[Result "1-0"]
[WhiteElo "1723"]
[BlackElo "1618"]
[TimeControl "2700+45"]

1. e4 e5 2. Nf3 Nc6 3. Bc4 Bc5 4. c3 Nf6 5. d3 O-O 6. b4 Bb6 7. a4 a6 8. O-O d5 9. exd5 Nxd5 10. Ng5 h6 11. Ne4 f5 12. Ng3 f4 13. Ne4 Kh8 14. Bb2 Nce7 15. Nbd2 a5 16. b5 c6 17. bxc6 Nxc6 18. Nf3 Nc7 19. Ba3 Rf5 20. Nd6 Rf6 21. Nf7+ Rxf7 22. Bxf7 Ne6 23. Bg6 Ng5 24. Nxg5 Qxg5 25. Qh5 Qxh5 26. Bxh5 Bf5 27. Rfd1 Rd8 28. Be2 g5 29. h3 Ba7 30. Rab1 Rd7 31. Bg4 Bxg4 32. hxg4 Kg7 33. Kf1 Kg6 34. Rb5 e4 35. d4 Bb8 36. Re1 Bc7 37. Rxe4 Nd8 38. Re7 Rxe7 39. Bxe7 Kf7 40. Bxd8 Bxd8 41. Rxb7+ Ke6   {Black resigns} 1-0

[Event "Team 45 45 League T24"]
[Site "Free Internet Chess Server"]
[Date "2004.09.18"]
[Round "2"]
[White "FusterCluck"]
[Black "DesparateDan"]
[Result "1-0"]
[WhiteElo "1610"]
[BlackElo "1664"]
[TimeControl "2700+45"]

1. Nc3 Nf6 2. Nf3 g6 3. d4 Bg7 4. e4 d6 5. Be3 c6 6. Qd2 Qa5 7. Bd3 Bg4 8. h3 Bxf3 9. gxf3 Nbd7 10. f4 O-O-O 11. e5 dxe5 12. fxe5 Nd5 13. Nxd5 Qxd2+ 14. Kxd2 cxd5 15. c4 dxc4 16. Bxc4 e6 17. Rhc1 Kb8 18. a4 Nb6 19. Bd3 Nd5 20. f4 f5 21. Bc4 Bf8 22. Ke2 Bb4 23. a5 a6 24. Ra4 Bf8 25. b4 h6 26. b5 axb5 27. Bxb5 Rh7 28. a6 bxa6 29. Rxa6 Rb7 30. Bc6 Rb2+ 31. Kf3 Nb6 32. d5 Nxd5 33. Ra8+ Kc7 34. Bxd5+ Kd7 35. Ra7+   {Black resigns} 1-0

[Event "Team 45 45 League T24"]
[Site "Free Internet Chess Server"]
[Date "2004.09.16"]
[Round "2"]
[White "grabapawn"]
[Black "xplan"]
[Result "1-0"]
[WhiteElo "1489"]
[BlackElo "1533"]
[TimeControl "2700+45"]

1. d4 Nf6 2. c4 e6 3. Nc3 Bb4 4. Bd2 b6 5. a3 Bxc3 6. Bxc3 d5 7. Nf3 O-O 8. Ne5 dxc4 9. Nxc4 Bb7 10. f3 Nc6 11. e3 Nd5 12. Bd2 b5 13. Ne5 a6 14. Nxc6 Bxc6 15. Bd3 Qh4+ 16. g3 Qf6 17. Be4 Rfe8 18. Qc2 Ne7 19. Rf1 Bxe4 20. Qxe4 Nd5 21. Rc1 a5 22. Rc5 b4 23. axb4 axb4 24. b3 Ra3 25. Rxd5 Kf8 26. Bxb4+ Kg8 27. Bxa3 Ra8 28. Rb5 Qd8 29. Bb2   {Black resigns} 1-0

[Event "Team 45 45 League T24"]
[Site "Free Internet Chess Server"]
[Date "2004.09.19"]
[Round "2"]
[White "chesstalker"]
[Black "JayH"]
[Result "1-0"]
[WhiteElo "1360"]
[BlackElo "1454"]
[TimeControl "2700+45"]

1. d4 d5 2. c4 h6 3. cxd5 Qxd5 4. Nc3 Qd8 5. e4 Nf6 6. Nf3 c6 7. Bc4 b5 8. Bb3 e6 9. Bd2 b4 10. Na4 Nxe4 11. Bf4 g5 12. Be3 Nd7 13. Qc2 Bb7 14. Qxe4 Nf6 15. Qc2 Ng4 16. Bd2 Qf6 17. Nc5 Bxc5 18. dxc5 Rd8 19. Bxb4 Ba6 20. Bc3 e5 21. h3 Bd3 22. Qc1 Nxf2 23. Kxf2 Qe7 24. Nxe5 Qxc5+ 25. Kg3 O-O 26. Ng6 Qd6+ 27. Be5 Qxg6 28. Re1 Be4 29. Bc4 h5 30. Kh2 Qf5 31. Qc3 Rde8 32. Bg7 Qf4+ 33. Kg1 Bxg2 34. Bh6 Re5 35. Qxe5 Qxe5 36. Rxe5 Rd8 37. Rxg5+ Kh7 38. Kxg2 Kxh6 39. Rf5 Rd2+ 40. Kg1 Rxb2 41. Raf1   {Black resigns} 1-0

[Event "Team 45 45 League T24"]
[Site "Free Internet Chess Server"]
[Date "2004.09.18"]
[Round "2"]
[White "MStav"]
[Black "RussoTuristo"]
[Result "0-1"]
[WhiteElo "1634"]
[BlackElo "1811"]
[TimeControl "2700+45"]

1. Nf3 g6 2. g3 Bg7 3. Bg2 d6 4. d3 Nc6 5. O-O Nf6 6. e4 Bg4 7. c3 Ne5 8. h3 Nxf3+ 9. Bxf3 Bxh3 10. Re1 Bc8 11. d4 O-O 12. Bg5 e5 13. Nd2 Qe8 14. Nf1 h6 15. Be3 Qb5 16. Qd2 Kh7 17. Be2 Qd7 18. Bf3 Ng4 19. Nh2 Nxe3 20. Qxe3 exd4 21. cxd4 Qb5 22. b3 c5 23. Rad1 Bxd4 24. Rxd4 cxd4 25. Qxd4 Qe5 26. Qc4 Be6 27. Qc7 b6 28. Ng4 Bxg4 29. Bxg4 Qc5 30. Qe7 Qg5 31. Qxg5 hxg5 32. Rc1 f5 33. Bf3 Rac8 34. Rd1 Rf6 35. Kg2 g4 36. Be2 Rc2 37. Bc4 Rxa2 38. e5 dxe5 39. Rd7+ Kh6 40. Bg8 f4 41. Rh7+ Kg5 42. gxf4+ exf4 43. b4 Rb2 44. Rxa7 Rxb4 45. Rd7 Rf8 46. Rd5+ Kh6 47. Be6 g3 48. fxg3 f3+ 49. Kf1 f2 50. Rd1 Re4 51. Bd5 Re3 52. g4 Rg3 53. Be6 Rg1+   {White resigns} 0-1

[Event "Team 45 45 League T24"]
[Site "Free Internet Chess Server"]
[Date "2004.09.19"]
[Round "2"]
[White "JoeytheBudgie"]
[Black "BIRDSMAN"]
[Result "1-0"]
[WhiteElo "1691"]
[BlackElo "1620"]
[TimeControl "2700+45"]

1. Nf3 c5 2. g3 Nc6 3. Bg2 d6 4. O-O g6 5. d4 cxd4 6. Nxd4 Bd7 7. e4 Bg7 8. Nb3 Nf6 9. Nc3 O-O 10. h3 Rc8 11. Be3 Ne5 12. Nd5 Nxd5 13. exd5 Nc4 14. Bd4 Nxb2 15. Qe2 a6 16. Rfe1 Re8 17. Bxg7 Kxg7 18. Rac1 Bb5 19. Qg4 Nc4 20. Nd4 Bd7 21. Ne6+ fxe6 22. dxe6 Ne5 23. Qd4 Rc4 24. Qb2 Bb5 25. f4 Qb6+ 26. Kh2 Rc5 27. fxe5 Qd8 28. exd6+ Kg8 29. d7 Rf8 30. Rf1 Rcf5 31. Rxf5 Rxf5 32. Qc3 Bc6 33. Bxc6 Rf2+ 34. Bg2   {Black resigns} 1-0

[Event "Team 45 45 League T24"]
[Site "Free Internet Chess Server"]
[Date "2004.09.19"]
[Round "2"]
[White "MattBinMi"]
[Black "cmate"]
[Result "1-0"]
[WhiteElo "1558"]
[BlackElo "1506"]
[TimeControl "2700+45"]

1. e4 e5 2. d4 exd4 3. Bc4 Nc6 4. c3 Bc5 5. Qb3 Ne5 6. cxd4 Bxd4 7. Ne2 Bc5 8. Nbc3 c6 9. Bf4 Nxc4 10. Qxc4 Bb6 11. O-O Ne7 12. Be5 O-O 13. Bxg7 Kxg7 14. Nf4 Ng6 15. Na4 Nxf4 16. Nxb6 Qxb6 17. e5 Ng6 18. Qc3 Qc7 19. Rfe1 Kg8 20. Rad1 b6 21. Re4 Bb7 22. Rg4 Rfe8 23. Re1 Kf8 24. Qe3 Nxe5 25. Qh6+ Ke7 26. Qg5+ f6 27. Qg7+ Kd8 28. Qxf6+ Kc8 29. Rge4 d6 30. f4 Qe7 31. fxe5 Qxf6 32. exf6 Rxe4 33. Rxe4 Kd7 34. Re7+ Kc8 35. Rxh7 Kd8 36. f7 Ke7 37. f8=Q+ Kxf8 38. Rxb7 Rd8 39. Rxa7 d5 40. Kf2 Re8 41. Rh7 Re7 42. Rxe7 Kxe7 43. Ke3 Ke6 44. h4 Ke5 45. h5 Kf5 46. Kd4 Kg5 47. g4 Kxg4 48. h6 Kf5 49. h7   {Black resigns} 1-0

[Event "Team 45 45 League T24"]
[Site "Free Internet Chess Server"]
[Date "2004.09.18"]
[Round "2"]
[White "adingod"]
[Black "TGV"]
[Result "1-0"]
[WhiteElo "2095"]
[BlackElo "1781"]
[TimeControl "2700+45"]

1. d4 f5 2. Nf3 g6 3. e3 Bg7 4. Bd3 d6 5. O-O Nf6 6. Nbd2 O-O 7. c3 Qe8 8. Re1 Nc6 9. e4 fxe4 10. Nxe4 Nxe4 11. Bxe4 e6 12. d5 Ne5 13. Ng5 Nf7 14. Nxe6 Bxe6 15. dxe6 Nd8 16. e7 Nf7 17. exf8=R+ Qxf8 18. Bxb7 Rb8 19. Bd5 Kh8 20. Qf3 Ne5 21. Qxf8+ Bxf8 22. Re2 Kg7 23. Be3 Nd3 24. Bd4+ Kh6 25. Bxa7 Rd8 26. Be3+ Kg7 27. a4 h6 28. a5 c5 29. a6   {Black resigns} 1-0

[Event "Team 45 45 League T24"]
[Site "Free Internet Chess Server"]
[Date "2004.09.19"]
[Round "2"]
[White "Pieris"]
[Black "Pawns"]
[Result "1-0"]
[WhiteElo "1693"]
[BlackElo "1746"]
[TimeControl "2700+45"]

1. e4 c5 2. Nf3 d6 3. d4 cxd4 4. Nxd4 Nf6 5. Nc3 Bd7 6. Bb5 Nc6 7. Bg5 e6 8. Nxc6 bxc6 9. Ba4 Be7 10. Bxf6 gxf6 11. O-O Rg8 12. Qh5 Rg7 13. Ne2 e5 14. Qf3 Qc8 15. Ng3 Bg4 16. Qc3 Kd7 17. Kh1 Qa6 18. Bb3 Rag8 19. f3 Be6 20. Qe3 f5 21. exf5 Bxb3 22. axb3 Bg5 23. Qxa7+ Qxa7 24. Rxa7+ Ke8 25. Nh5   {Black resigns} 1-0

[Event "Team 45 45 League T24"]
[Site "Free Internet Chess Server"]
[Date "2004.09.19"]
[Round "2"]
[White "Gazzer"]
[Black "Galleta"]
[Result "1-0"]
[WhiteElo "1637"]
[BlackElo "1694"]
[TimeControl "2700+45"]

1. d4 d6 2. e4 Nf6 3. Nc3 g6 4. Be3 Bg7 5. Qd2 b6 6. Bd3 Bb7 7. Nge2 O-O 8. Bh6 c5 9. Bxg7 Kxg7 10. O-O-O cxd4 11. Nxd4 e5 12. Nb3 d5 13. exd5 a6 14. Rhe1 Nfd7 15. Be4 f5 16. Bf3 e4 17. Be2 Nf6 18. Qd4 Qd6 19. Rd2 Nd7 20. g3 Rfe8 21. Red1 Kf7 22. f4 Rac8 23. Qe3 Nc5 24. Nxc5 Rxc5 25. Na4 Ra5 26. Qxb6 Qxb6 27. Nxb6 Rxa2 28. Kb1 Ra5 29. d6 e3 30. Bc4+ Kg7 31. d7 Rd8 32. Rd3 Rc5 33. Rxe3 Be4 34. Bb3 Rc7 35. Ba4 Rb7 36. Rb3 Rc7 37. Rd2 Kf8 38. Rb4 Ke7 39. Rbd4 Rb7 40. Nc8+ Kf8 41. Rd6 Kg7 42. Rb6 Rc7 43. Rxa6 Rcxc8 44. dxc8=Q Rxc8 45. Ra7+ Kh6 46. Bb3 Kh5 47. Rd6 Ng4 48. Rxh7+ Nh6 49. Rg7 Ng4 50. Rgxg6 Ne3 51. Rg5#   {Black checkmated} 1-0

[Event "Team 45 45 League T24"]
[Site "Free Internet Chess Server"]
[Date "2004.09.15"]
[Round "2"]
[White "Esekla"]
[Black "twinders"]
[Result "0-1"]
[WhiteElo "1610"]
[BlackElo "1625"]
[TimeControl "2700+45"]

1. d4 Nf6 2. e3 e6 3. Bd3 b6 4. f4 Ba6 5. c4 c5 6. Nf3 cxd4 7. Nxd4 Nc6 8. Nxc6 dxc6 9. O-O Bc5 10. b3 O-O 11. Nc3 Rb8 12. Qe2 Qc7 13. Bb2 Nd7 14. Ne4 Be7 15. Qh5 f5 16. Ng5 Bxg5 17. Qxg5 g6 18. Qe7 Rf7 19. Qxe6 Nc5 20. Qe5 Qxe5 21. Bxe5 Rd8 22. Bc2 Rd2 23. Rac1 Rfd7 24. Rfd1 Rxc2 25. Bd4 Rxc1 26. Rxc1 Ne4 27. b4 c5 28. bxc5 bxc5 29. Be5 Rd2 30. Rb1 Kf7 31. a4 Bxc4 32. h3 Ba6 33. Rb8 c4 34. Rh8 Nf6 35. Bd4 Bb7 36. g4 fxg4 37. hxg4 Rd1+ 38. Kf2 Nxg4+ 39. Ke2 Rh1 40. Rb8 Be4 41. Kd2 a6 42. Rb4 Rh2+ 43. Ke1 Rc2 44. Kd1 Nf2+ 45. Ke1 Nd3+ 46. Kd1 Nxb4 47. a5 Ra2 48. Bc3 Nd5 49. Bd4 c3 50. Kc1 c2 51. f5 gxf5 52. Bb6 Ra1+ 53. Kb2 c1=Q+ 54. Kb3 Qc3#   {White checkmated} 0-1

[Event "Team 45 45 League T24"]
[Site "Free Internet Chess Server"]
[Date "2004.09.21"]
[Round "2"]
[White "Huevon"]
[Black "sacKING"]
[Result "1/2-1/2"]
[WhiteElo "1926"]
[BlackElo "1829"]
[TimeControl "2700+45"]

1. f4 b6 2. b3 Bb7 3. e3 e6 4. Nf3 c5 5. Bb2 Nf6 6. a4 Nc6 7. Bb5 d6 8. O-O a6 9. Bxc6+ Bxc6 10. d3 Be7 11. Nbd2 O-O 12. Qe1 Nd7 13. e4 d5 14. Qg3 d4 15. Nc4 f6 16. Qh3 f5 17. Nce5 Nxe5 18. Nxe5 Qc8 19. Nxc6 Qxc6 20. exf5 exf5 21. Rae1 Bd6 22. Re6 Qd5 23. Re2 Rae8 24. Rxe8 Rxe8 25. Qh5 g6 26. Qd1 b5   {Game drawn by mutual agreement} 1/2-1/2

[Event "Team 45 45 League T24"]
[Site "Free Internet Chess Server"]
[Date "2004.09.19"]
[Round "2"]
[White "geolas"]
[Black "yonailo"]
[Result "1-0"]
[WhiteElo "1784"]
[BlackElo "1787"]
[TimeControl "2700+45"]

1. e4 e5 2. Nf3 Nc6 3. Bb5 a6 4. Ba4 Nf6 5. O-O b5 6. Bb3 Be7 7. a4 Bb7 8. Re1 d6 9. c3 O-O 10. d4 Na5 11. Bc2 c5 12. d5 Nc4 13. b3 Nb6 14. a5 Nbd7 15. c4 b4 16. Nbd2 Re8 17. Nf1 Nf8 18. h3 Bc8 19. N3h2 Ng6 20. Ng4 Qd7 21. Nfe3 Nf4 22. Nf5 N6h5 23. Kh2 Bf8 24. g3 g6 25. gxf4 gxf5 26. Nxe5 fxe4 27. Nxd7   {Black resigns} 1-0

[Event "Team 45 45 League T24"]
[Site "Free Internet Chess Server"]
[Date "2004.09.18"]
[Round "2"]
[White "sidiAhmed"]
[Black "Lofoten"]
[Result "0-1"]
[WhiteElo "1623"]
[BlackElo "1757"]
[TimeControl "2700+45"]

1. d4 f5 2. c4 Nf6 3. Nf3 e6 4. Nc3 d5 5. e3 c6 6. c5 Be7 7. Be2 O-O 8. O-O Ne4 9. Ne5 Nd7 10. f4 Ndf6 11. h3 Ng3 12. Rf3 Nxe2+ 13. Qxe2 Nd7 14. Bd2 Nxe5 15. fxe5 b5 16. b4 Bd7 17. Raf1 Be8 18. g4 Bg6 19. Qg2 Qd7 20. g5 Rfb8 21. Ne2 Bd8 22. Nf4 Be8 23. h4 a5 24. a3 axb4 25. axb4 Ra2 26. h5 Rba8 27. R3f2 Qe7 28. g6 h6 29. Qh3 Rc2 30. Nxe6 Qxe6 31. Rxf5 Qe7 32. Rf8+ Qxf8 33. Rxf8+ Kxf8 34. Qf5+ Bf6 35. exf6 Ra1+ 36. Kh2 Rxd2+ 37. Kh3 Rh1+ 38. Kg3 Rg1+ 39. Kh3 Rg5 40. Qf3 Bd7+   {White resigns} 0-1

[Event "Team 45 45 League T24"]
[Site "Free Internet Chess Server"]
[Date "2004.09.18"]
[Round "2"]
[White "sostoned"]
[Black "JoeytheBudgie"]
[Result "1/2-1/2"]
[WhiteElo "1664"]
[BlackElo "1695"]
[TimeControl "2700+45"]

1. c4 e6 2. Nc3 d5 3. cxd5 exd5 4. Nf3 Nf6 5. e3 Be7 6. Qa4+ c6 7. d3 O-O 8. Bd2 b5 9. Qc2 Na6 10. a3 b4 11. Ne2 bxa3 12. bxa3 c5 13. g3 Be6 14. Bg2 h6 15. O-O c4 16. Ne5 cxd3 17. Nxd3 Rc8 18. Qa4 Nc5 19. Nxc5 Bxc5 20. Bb4 Qd7 21. Qxd7 Nxd7 22. Rfd1 Nf6 23. Rac1 Bxb4 24. axb4 Rxc1 25. Rxc1 Rb8 26. Rb1 a5 27. b5 Bf5 28. Rb2 a4 29. Nd4 Bd7 30. Bf1 Ne4 31. Nc2 Nc3 32. b6 Kf8 33. Ba6 Ke7 34. Kf1 Kd6 35. Nd4 a3 36. Rb3 a2 37. Nc2 Ba4 38. Rxc3 Bxc2 39. Ra3 Bb1 40. b7 Kc5 41. Ke2 Kb6 42. Kd2 Kc5 43. Kc3 f5 44. Ra5+ Kb6 45. Ra4 Kc5 46. Kb2 Kb6 47. Ra3 g5 48. Bd3 Rxb7 49. Rb3+ Kc7 50. Rxb7+ Kxb7 51. Bxb1 axb1=Q+ 52. Kxb1 Kb6 53. Kb2 Kb5 54. Kb3 Kc5 55. Kc3 h5 56. f3 Kd6 57. Kd4 Ke6 58. e4 dxe4 59. fxe4 f4 60. gxf4 gxf4 61. e5 f3 62. Ke3 Kxe5 63. Kxf3 Kf5 64. h4 Ke5   {Game drawn by mutual agreement} 1/2-1/2

[Event "Team 45 45 League T24"]
[Site "Free Internet Chess Server"]
[Date "2004.09.19"]
[Round "2"]
[White "sonareclipse"]
[Black "Tokyo"]
[Result "0-1"]
[WhiteElo "2013"]
[BlackElo "2161"]
[TimeControl "2700+45"]

1. e4 c6 2. d4 d5 3. e5 Bf5 4. Nf3 e6 5. Be2 Nd7 6. O-O h6 7. b3 a6 8. c4 g5 9. Nc3 Bb4 10. Bb2 g4 11. Ne1 Qa5 12. Rc1 h5 13. a3 Bxc3 14. Rxc3 Ne7 15. f3 O-O-O 16. fxg4 hxg4 17. Bxg4 Bxg4 18. Qxg4 Rdg8 19. Qd1 Rh7 20. Rcf3 Nf5 21. Qc2 Kb8 22. b4 Qb6 23. cxd5 cxd5 24. Qf2 Rhg7 25. Kh1 Rg4 26. Rf4 Qb5 27. Rxg4 Rxg4 28. Nf3 Ne3 29. Re1 Rxg2 30. Qxe3 Rxb2 31. h4 Qc4 32. Rc1 Re2 33. Qg5 Qd3 34. Rf1 Rc2 35. Nh2 Qh3 36. Qf4   {White resigns} 0-1

[Event "Team 45 45 League T24"]
[Site "Free Internet Chess Server"]
[Date "2004.09.18"]
[Round "2"]
[White "MarkovUC"]
[Black "reasoanblep"]
[Result "0-1"]
[WhiteElo "1804"]
[BlackElo "2033"]
[TimeControl "2700+45"]

1. e4 c5 2. Nf3 Nc6 3. g3 Nf6 4. d3 g6 5. Bg2 Bg7 6. O-O d5 7. Nbd2 O-O 8. Re1 e5 9. a3 b6 10. exd5 Nxd5 11. Nc4 f6 12. c3 Be6 13. Qe2 Re8 14. d4 cxd4 15. cxd4 Nxd4 16. Nxd4 exd4 17. Qd3 Qd7 18. Qxd4 Rad8 19. Bd2 Qf7 20. Rac1 f5 21. Ne5 Qf6 22. Bc3 Nxc3 23. Qxc3 Rc8 24. Nc6 Qxc3 25. bxc3 Kf8 26. Nd4 Bf7 27. Rxe8+ Rxe8 28. Kf1 Rc8 29. Nb5 Bc4+   {White resigns} 0-1

[Event "Team 45 45 League T24"]
[Site "Free Internet Chess Server"]
[Date "2004.09.16"]
[Round "2"]
[White "xivarmy"]
[Black "Taadow"]
[Result "1-0"]
[WhiteElo "1920"]
[BlackElo "1629"]
[TimeControl "2700+45"]

1. e4 c5 2. Nf3 d6 3. d4 cxd4 4. Nxd4 e5 5. Bb5+ Bd7 6. Bxd7+ Qxd7 7. Nb3 Nf6 8. Nc3 Be7 9. O-O O-O 10. f4 Nc6 11. f5 b5 12. Qf3 a5 13. a4 bxa4 14. Rxa4 Nd4 15. Nxd4 exd4 16. Rxd4 Qc6 17. Kh1 Rab8 18. Qe2 Rb4 19. Rxb4 axb4 20. Nd5 Bd8 21. Nxb4 Qb7 22. Nd5 Nxd5 23. exd5 Qxd5 24. Qf3 Qc5 25. Qd3 Re8 26. Bd2 Re5 27. Bc3 Re3 28. Qd1 Bb6 29. Qg4 Rxc3 30. bxc3 Qxc3 31. f6 g6 32. Qd7 h5 33. Qe8+ Kh7 34. Qxf7+ Kh6 35. h4 Qc7 36. Qf8+ Kh7 37. f7 Bd4 38. Qg8+ Kh6 39. f8=Q+ Qg7 40. Qh8#   {Black checkmated} 1-0

[Event "Team 45 45 League T24"]
[Site "Free Internet Chess Server"]
[Date "2004.09.16"]
[Round "2"]
[White "Haotu"]
[Black "scandium"]
[Result "1/2-1/2"]
[WhiteElo "1842"]
[BlackElo "1763"]
[TimeControl "2700+45"]

1. e4 c5 2. d4 cxd4 3. c3 dxc3 4. Nxc3 Nc6 5. Nf3 e6 6. Bg5 Qc7 7. Rc1 Qb8 8. Qd2 Bb4 9. a3 Bxc3 10. Rxc3 Nf6 11. Bxf6 gxf6 12. Qh6 Ke7 13. Qg7 Rf8 14. Qxh7 b5 15. Qh4 a5 16. Re3 Ne5 17. Be2 b4 18. O-O bxa3 19. bxa3 Qb2 20. Nxe5 Qxe5 21. f4 Qd4 22. Kf2 Rg8 23. Bf3 Ba6 24. Re1 Rh8 25. Qg3 Rag8 26. Bg4 Rc8 27. Kg1 Rc3 28. Kh1 Rhc8 29. h4 Rc2 30. Kh2 Rd2 31. h5 Rcc2 32. h6 Rc8 33. Bh5 Qa7 34. Qg7 Rf8 35. h7 Qb8 36. Rg3 Rc2 37. Qxf8+ Qxf8 38. Rg8 Qh6 39. h8=Q Qxf4+ 40. Kh3 Rc3+ 41. Bf3 Rxf3+ 42. gxf3 Qxf3+ 43. Rg3 Bf1+ 44. Rxf1 Qxf1+ 45. Rg2 Qh1+ 46. Rh2 Qf3+ 47. Kh4 Qf4+ 48. Kh3 Qf3+   {Game drawn by mutual agreement} 1/2-1/2

[Event "Team 45 45 League T24"]
[Site "Free Internet Chess Server"]
[Date "2004.09.15"]
[Round "2"]
[White "inkaotibus"]
[Black "plume"]
[Result "1/2-1/2"]
[WhiteElo "2123"]
[BlackElo "2229"]
[TimeControl "2700+45"]

1. e4 e6 2. d4 d5 3. Nc3 Bb4 4. e5 c5 5. Bd2 Ne7 6. Nb5 Bxd2+ 7. Qxd2 O-O 8. c3 Nbc6 9. f4 a6 10. Nd6 cxd4 11. cxd4 f6 12. Nf3 Ng6 13. Bd3 Nxf4 14. Qxf4 fxe5 15. Qh4 Qxh4+ 16. Nxh4 Nxd4 17. O-O-O Rb8 18. Rhf1 Rxf1 19. Rxf1 e4 20. Nxe4 dxe4 21. Bxe4 Bd7 22. Nf3 Nxf3 23. Rxf3 Bc6 24. Bxc6 Rc8 25. Kd2 Rxc6 26. Rd3 Rc7 27. Rd6 Kf7 28. Kd3 Kf6 29. Rb6 Kf5 30. b4 h5 31. b5 axb5 32. Rxb5+ e5 33. a4 h4 34. a5 g5 35. h3 Rg7 36. Ke3 Rc7 37. Kd3 Kf4 38. Rb4+ Kf5 39. Rb5 Rg7   {Game drawn by repetition} 1/2-1/2

[Event "Team 45 45 League T24"]
[Site "Free Internet Chess Server"]
[Date "2004.09.21"]
[Round "2"]
[White "logis"]
[Black "thomchad"]
[Result "1/2-1/2"]
[WhiteElo "1901"]
[BlackElo "1905"]
[TimeControl "2700+45"]

1. d4 Nf6 2. Nf3 d5 3. Bf4 Bf5 4. h3 Nbd7 5. e3 e6 6. Nbd2 Be7 7. Be2 O-O 8. O-O c5 9. c3 a6 10. Re1 Qb6 11. Qb3 Rfc8 12. Ne5 cxd4 13. exd4 Qxb3 14. Nxb3 Nb6 15. a4 Bc2 16. Bd1 Bxd1 17. Rexd1 Nc4 18. Nxc4 Rxc4 19. Na5 Rcc8 20. Nxb7 Nd7 21. Rd2 Ra7 22. Na5 Nf8 23. Nb3 Rb7 24. Nc1 Ng6 25. Bg3 Bg5 26. Re2 a5 27. Nd3 Be7 28. Rc2 Rb3 29. Re2 Rb7 30. f4 Bd6 31. Bh2 Ne7 32. g4 g6 33. Kg2 Rb6 34. Bg3 Kg7 35. Be1 Ng8 36. b4 Nf6 37. b5 Ne4 38. Rc1 Ba3 39. Rcc2 Rc4 40. Ra2 Nxc3 41. Bxc3 Rxc3 42. Ne5 Bd6 43. Rec2 Re3 44. Rc6 Rxc6 45. Nxc6 Bxf4 46. Nxa5 Rg3+ 47. Kf1 Rxh3 48. Rf2 Bc7 49. Nc6 Ra3 50. Rb2 Rxa4 51. b6 Bd6 52. b7 Rc4 53. Ne5 Rxd4 54. b8=Q Bxb8 55. Rxb8 Rf4+ 56. Kg2 Re4 57. Nc6 Rxg4+ 58. Kf3 h5 59. Rb7 g5 60. Nd8 Rf4+ 61. Kg3 h4+ 62. Kh3 Kg6 63. Kg2 g4 64. Ra7 h3+ 65. Kg3 Rf1 66. Ra4 Kh5 67. Rb4 Rf3+ 68. Kh2 Rf2+ 69. Kg1 g3 70. Rb1 h2+ 71. Kh1 Kg4 72. Nxe6 fxe6 73. Rb4+ Kh3 74. Rh4+ Kxh4   {Game drawn by stalemate} 1/2-1/2

[Event "Team 45 45 League T24"]
[Site "Free Internet Chess Server"]
[Date "2004.09.19"]
[Round "2"]
[White "fismoluni"]
[Black "Epsi"]
[Result "1/2-1/2"]
[WhiteElo "1605"]
[BlackElo "1798"]
[TimeControl "2700+45"]

1. e4 c5 2. Nf3 d6 3. d4 cxd4 4. Nxd4 Nf6 5. Nc3 a6 6. Bg5 e6 7. f4 Nc6 8. e5 dxe5 9. Nxc6 Qxd1+ 10. Rxd1 bxc6 11. fxe5 Nd5 12. Ne4 h6 13. Bc1 f5 14. exf6 Nxf6 15. Nd6+ Bxd6 16. Rxd6 Bd7 17. Bf4 O-O 18. Bc4 Rae8 19. O-O Kh8 20. Be5 Re7 21. Bxa6 Rff7 22. Rfd1 Nd5 23. Bb7 Ne3 24. Re1 Nxc2 25. Rc1 Nb4 26. a3 Nd5 27. Bxc6 Bxc6 28. Rdxc6 Rf5 29. Re1 Kg8 30. Bd6 Rb7 31. b4 e5 32. Rc8+ Kh7 33. Re8 Ra7 34. Ra1 Kg6 35. Bxe5 Nxb4 36. axb4 Rxe5 37. Rxa7 Rxe8 38. b5 Re1+ 39. Kf2 Rb1 40. Ra6+ Kg5 41. b6 g6 42. Ra5+ Kf6 43. Ra6 Kf5 44. Ke3 Ke5 45. Ra5+ Kd6 46. Ra6 Rb3+ 47. Kf4 Rb4+ 48. Kg3 Rb3+ 49. Kh4 Rb4+ 50. g4 h5 51. h3 hxg4 52. hxg4 Ke7 53. Ra7+ Kf6 54. b7 Rb3 55. Ra6+ Kf7 56. Ra7 Kf6 57. Ra6+ Kf7 58. Kg5 Rb5+ 59. Kh6 Rxb7 60. Rxg6 Rb2 61. Rg7+ Kf8 62. Rc7 Kg8 63. Kg6 Rb6+ 64. Kh5 Rb5+ 65. g5 Rb8 66. g6 Ra8 67. Kh6 Rb8 68. Rg7+ Kh8 69. Rf7 Rc8 70. g7+ Kg8 71. Rf6 Rb8 72. Kg6 Rc8 73. Rf4 Rc6+ 74. Rf6 Rc8 75. Rf4 Rc6+   {Game drawn by mutual agreement} 1/2-1/2

[Event "Team 45 45 League T24"]
[Site "Free Internet Chess Server"]
[Date "2004.09.17"]
[Round "2"]
[White "Woodchuck"]
[Black "twinders"]
[Result "1/2-1/2"]
[WhiteElo "1624"]
[BlackElo "1653"]
[TimeControl "2700+45"]

1. d4 Nf6 2. Nf3 g6 3. c4 Bg7 4. Nc3 d6 5. e4 O-O 6. Be2 b6 7. O-O Bb7 8. Qc2 Nbd7 9. Bf4 Rc8 10. Rad1 Ng4 11. h3 Ngf6 12. Rfe1 Re8 13. e5 Nh5 14. Bh2 Bf8 15. Ng5 e6 16. Nxh7 Kxh7 17. Bxh5 Qg5 18. Bg4 f5 19. exf6 Nxf6 20. f3 Nxg4 21. hxg4 a6 22. Ne4 Bxe4 23. Rxe4 Bg7 24. Bf4 Qf6 25. g5 Qf5 26. Qf2 Kg8 27. g4 Qf7 28. Rde1 d5 29. cxd5 exd5 30. Rxe8+ Rxe8 31. Rxe8+ Qxe8 32. Bxc7 Qc6 33. Bf4 Qa4 34. Qc2 Qxd4+ 35. Kg2 Qxf4 36. Qxg6 Qd2+ 37. Kh3 Qxb2 38. Qe8+ Kh7   {Game drawn by mutual agreement} 1/2-1/2

[Event "Team 45 45 League T24"]
[Site "Free Internet Chess Server"]
[Date "2004.09.18"]
[Round "2"]
[White "Chessty"]
[Black "rgadoury"]
[Result "1-0"]
[WhiteElo "1579"]
[BlackElo "1533"]
[TimeControl "2700+45"]

1. e4 e6 2. Nf3 d5 3. exd5 exd5 4. d4 Nf6 5. Bf4 Nc6 6. Bb5 Be7 7. O-O O-O 8. Bxc6 bxc6 9. Ne5 Bb7 10. Nc3 c5 11. Re1 cxd4 12. Qxd4 Bd6 13. Rad1 c5 14. Qd2 a6 15. b3 d4 16. Ne2 Re8 17. Nc4 Ne4 18. Qd3 Bxf4 19. Nxf4 Nf6 20. c3 Rxe1+ 21. Rxe1 dxc3 22. Qxc3 Qd4 23. Qc1 Re8 24. Rd1 Qe4 25. Nd6 Qc6 26. Nxe8 Qxe8 27. Qxc5 g5 28. Nd3 Ne4 29. Qb4 Qc6 30. Ne5 Qc2 31. Rf1 Bd5 32. Nd7 Qe2 33. Qf8#   {Black checkmated} 1-0

[Event "Team 45 45 League T24"]
[Site "Free Internet Chess Server"]
[Date "2004.09.21"]
[Round "2"]
[White "suequntf"]
[Black "Lamtarra"]
[Result "0-1"]
[WhiteElo "1480"]
[BlackElo "1438"]
[TimeControl "2700+45"]

1. e4 d6 2. h3 Nf6 3. Nc3 g6 4. Nf3 Bg7 5. Be2 O-O 6. e5 dxe5 7. Nxe5 Nfd7 8. Nf3 Nc6 9. d3 Nf6 10. Bd2 Be6 11. Rb1 Bd5 12. Nxd5 Qxd5 13. c4 Qf5 14. Bc3 Rad8 15. O-O Rd7 16. b4 Rfd8 17. b5 Nb8 18. Qc1 c6 19. Nd4 Rxd4 20. Bxd4 Rxd4 21. Qe3 e5 22. bxc6 Nxc6 23. Rxb7 Rd7 24. Rxd7 Qxd7 25. Qd2 e4 26. Rb1 exd3 27. Bf3 h5 28. Bxc6 Qxc6 29. Qxd3 Qd7 30. Qf3 Bh6 31. Qxf6 Bg7 32. Qf3 Qc7 33. Qd5 Qe7 34. c5 Be5 35. Rb7 Bc7 36. Rxa7 Qe1#   {White checkmated} 0-1

[Event "Team 45 45 League T24"]
[Site "Free Internet Chess Server"]
[Date "2004.09.16"]
[Round "2"]
[White "TibetianTick"]
[Black "ButiOxa"]
[Result "0-1"]
[WhiteElo "1603"]
[BlackElo "1753"]
[TimeControl "2700+45"]

1. e4 e5 2. f4 d5 3. exd5 e4 4. d3 Nf6 5. Nc3 Bb4 6. Bd2 O-O 7. dxe4 Bxc3 8. Bxc3 Nxe4 9. Qd4 Nxc3 10. Qxc3 Re8+ 11. Be2 Qxd5 12. Nf3 Qe4 13. Qd3 Qxf4 14. O-O Qe3+ 15. Qxe3 Rxe3 16. Rad1 Nc6 17. Bb5 Bg4 18. Bxc6 bxc6 19. Rd2 Be6 20. b3 f6 21. Re1 Rxe1+ 22. Nxe1 a5 23. Nd3 a4 24. Nc5 axb3 25. cxb3 Bf5 26. b4 Kf7 27. a4 Be6 28. Kf2 Bd5 29. g3 Rb8 30. Rb2 Bc4 31. a5 Rd8 32. Ke3 Rd1 33. Rc2 Bb5 34. Ra2 Rd8 35. a6 Ra8 36. a7 Ke7 37. Ke4 Bc4 38. Ra1 h5 39. Kf5 Kf7 40. Kf4 g5+ 41. Kf5 Re8   {White resigns} 0-1